 Dungeon Sprint DCSS version 0.29-a0-824-gd827844252 (webtiles) character file.

Game seed: 1099957561530975330

1033 mhtbhm the Protected (level 8, 0/80 HPs)
             Began as a Minotaur Fighter on July 10, 2022.
             Was a Believer of Makhleb.
             Shot with an arrow by a centaur warrior (7 damage)
             ... in the Dungeon (Sprint IX: "|||||||||||||||||||||||||||||").
             The game lasted 00:01:07 (337 turns).

mhtbhm the Protected (Minotaur Fighter)              Turns: 337, Time: 00:01:07

Health: 0/80       AC: 11    Str: 22    XL:     8   Next: 3%
Magic:  11/11      EV: 12    Int:  8    God:    Makhleb [**....]
Gold:   0          SH:  6    Dex: 11    Spells: 7/7 levels left

rFire   . . .      SeeInvis .   a - +0 flail
rCold   . . .      Faith    .   c - +0 buckler
rNeg    . . .      Spirit   .   b - +1 scale mail
rPois   .          Reflect  .   (helmet restricted)
rElec   .          Harm     .   (no cloak)
rCorr   .          Rampage  .   q - +0 pair of gloves
Will    .....      NoTele   +   (no boots)
Stlth   ..........              (no amulet)
HPRegen 0.23/turn               o - +3 ring of intelligence
MPRegen 0.12/turn               p - +2 ring of evasion

@: invisible
A: horns 2, retaliatory headbutt
a: Renounce Religion, Minor Destruction


You were in the Dungeon.
You worshipped Makhleb.
Makhleb was pleased with you.
You visited 1 branch

Inventory:

Hand Weapons
 a - a +0 flail (weapon)
 n - the +10 dark maul {vorpal}
   (You found it in the Dungeon)

   It inflicts extra damage upon your enemies.
Armour
 b - a +1 scale mail (worn)
 c - a +0 buckler (worn)
 q - a +0 pair of gloves (worn)
Jewellery
 o - a +3 ring of intelligence (left hand)
 p - a +2 ring of evasion (right hand)
Wands
 m - a wand of roots (9)
Scrolls
 j - 2 scrolls of blinking
 l - 2 scrolls of amnesia
Potions
 d - a potion of might
 e - 4 potions of curing
 g - a potion of haste
 h - 4 potions of magic


   Skills:
 + Level 10.4 Fighting
 + Level 10.7 Maces & Flails
 + Level 11.0 Armour
 + Level 1.2 Dodging
 + Level 9.2 Shields
 * Level 6.4 Invocations


You had 7 spell levels left.
You didn't know any spells.
Your spell library was empty.

Dungeon Overview and Level Annotations

Branches:
Dungeon (1/1)

Altars:
Cheibriados
Dithmenos
Elyvilon
Fedhas
Gozag
Hepliaklqana
Kikubaaqudgha
Makhleb
Nemelex Xobeh
Okawaru
Qazlal
Ru
Sif Muna
Trog
Uskayaw
Vehumet
Wu Jian
Xom
Yredelemnul
Zin
The Shining One
Jiyva
Lugonu


Innate Abilities, Weirdness & Mutations

You have a pair of horns on your head.
You reflexively headbutt those who attack you in melee.


Message History

The centaur warrior hits you but does no damage.
The centaur warrior kicks you but does no damage.
The centaur warrior shoots an arrow.
The arrow closely misses the brown ugly thing.
The arrow hits the centaur warrior!
You block the centaur warrior's attack.
The centaur warrior kicks you but does no damage.
Unknown command.
Unknown command.
You sock the centaur warrior! You headbutt the centaur warrior.
The centaur warrior is severely wounded.
The centaur warrior shoots an arrow.
The arrow closely misses the brown ugly thing.
The arrow hits the centaur warrior!!
The centaur warrior dies!
The centaur warrior shoots an arrow.
The arrow misses the brown ugly thing.
The arrow completely misses you.
Your Maces & Flails skill increases to level 10!
Your Armour skill increases to level 11!
Your Dodging skill increases to level 1!
Your Shields skill increases to level 9!
Your Invocations skill increases to level 6!
You have reached level 8!
You feel agile.
You feel better.
The centaur warrior shoots an arrow.
The arrow hits the brown ugly thing!
Unknown command.
Okay, then.
The centaur warrior shoots an arrow.
The arrow closely misses the brown ugly thing.
The arrow hits you!!
* * * LOW HITPOINT WARNING * * *
The centaur warrior shoots an arrow.
The arrow hits the brown ugly thing!!
You see here a +0 shortbow.
Unknown command.
Unknown command.
You hit the brown ugly thing.
You kill the brown ugly thing!
Makhleb accepts your kill.
The centaur warrior shoots an arrow.
The arrow hits you!
You die...

▓+▓
▓.▓
▓.▓
▓9▓
▓c▓
▓†▓
▓@▓
▓'▓
▓.▓
▓.▓
▓.▓
▓.▓
▓†▓
▓)▓
▓)▓


You could see a centaur warrior (unable to see you) and a gargoyle (unable to
see you).

Vanquished Creatures
  An ugly thing (D)
  An unseen horror (D)
  A shadow (D)
  A vampire (D)
  A yak (D)
  A gnoll sergeant (D)
  A killer bee (D)
  2 hounds (D)
  2 orc priests (D)
  2 iguanas (D)
  A worm (D)
  A ball python (D)
  A bat (D)
  An endoplasm (D)
  A goblin (D)
  A quokka (D)
19 creatures vanquished.

Vanquished Creatures (others)
  A centaur warrior (D)
1 creature vanquished.

Grand Total: 20 creatures vanquished

Notes
Turn   | Place    | Note
-------+----------+-------------------------------------------
     0 | D        | mhtbhm the Minotaur Fighter began the quest for the Orb.
     0 | D        | Reached XP level 1. HP: 19/19 MP: 0/0
     6 | D        | Reached skill level 4 in Armour
    35 | D        | Noticed an iguana
    35 | D        | Noticed a hound
    35 | D        | Noticed an iguana
    35 | D        | Noticed a hound
    37 | D        | Killed a hound
    38 | D        | Reached skill level 5 in Fighting
    38 | D        | Reached skill level 5 in Armour
    38 | D        | Reached skill level 5 in Shields
    38 | D        | Reached XP level 2. HP: 28/29 MP: 1/1
    38 | D        | Reached XP level 3. HP: 35/36 MP: 2/2
    42 | D        | Reached skill level 6 in Armour
    45 | D        | Reached XP level 4. HP: 45/45 MP: 3/3
    47 | D        | Reached skill level 5 in Maces & Flails
    52 | D        | Reached skill level 7 in Armour
    73 | D        | Found a snail-covered altar of Cheibriados.
    73 | D        | Found a shadowy altar of Dithmenos.
    73 | D        | Found a white marble altar of Elyvilon.
    73 | D        | Found a blossoming altar of Fedhas.
    73 | D        | Found an opulent altar of Gozag.
    74 | D        | Found a hazy altar of Hepliaklqana.
    75 | D        | Found a viscous altar of Jiyva.
    76 | D        | Found an ancient bone altar of Kikubaaqudgha.
    77 | D        | Found a corrupted altar of Lugonu.
    78 | D        | Found a burning altar of Makhleb.
    79 | D        | Found a sparkling altar of Nemelex Xobeh.
    80 | D        | Found an iron altar of Okawaru.
    81 | D        | Found a stormy altar of Qazlal.
    82 | D        | Found a sacrificial altar of Ru.
    83 | D        | Found a shimmering blue altar of Sif Muna.
    84 | D        | Found a bloodstained altar of Trog.
    85 | D        | Found a hide-covered altar of Uskayaw.
    86 | D        | Became a worshipper of Makhleb the Destroyer
    87 | D        | Found a radiant altar of Vehumet.
    88 | D        | Found an ornate altar of the Wu Jian Council.
    89 | D        | Found a shimmering altar of Xom.
    90 | D        | Found a basalt altar of Yredelemnul.
    91 | D        | Found a glowing silver altar of Zin.
    92 | D        | Found a glowing golden altar of the Shining One.
   100 | D        | Found the +10 dark maul {vorpal}
   148 | D        | Noticed a yak
   148 | D        | Noticed a shadow
   148 | D        | Noticed a gnoll sergeant
   151 | D        | Reached skill level 1 in Invocations
   151 | D        | Reached XP level 5. HP: 52/52 MP: 4/4
   155 | D        | Reached * piety under Makhleb
   156 | D        | Reached skill level 8 in Armour
   161 | D        | Killed a shadow
   162 | D        | Reached skill level 9 in Armour
   162 | D        | Reached XP level 6. HP: 37/62 MP: 4/8
   164 | D        | Killed a yak
   172 | D        | Reached ** piety under Makhleb
   173 | D        | Reached skill level 5 in Invocations
   173 | D        | Reached XP level 7. HP: 44/70 MP: 5/9
   310 | D        | Noticed a gargoyle
   310 | D        | Noticed a centaur warrior
   310 | D        | Noticed a brown ugly thing
   310 | D        | Noticed a centaur warrior
   310 | D        | Noticed a vampire
   316 | D        | Killed a vampire
   317 | D        | Reached skill level 10 in Armour
   328 | D        | Killed an unseen horror
   329 | D        | Reached skill level 10 in Fighting
   329 | D        | HP: 2/72 [centaur warrior/arrow (17)]
   334 | D        | Killed a centaur warrior
   335 | D        | Reached skill level 10 in Maces & Flails
   335 | D        | Reached skill level 11 in Armour
   335 | D        | Reached skill level 1 in Dodging
   335 | D        | Reached XP level 8. HP: 20/80 MP: 11/11
   337 | D        | Killed a brown ugly thing
   337 | D        | Shot with an arrow by a centaur warrior

Illustrated notes

Levels and vault maps discovered:
D:        linesprint [early_d, line_temple, items_1, d_10, items_2, lair_1,
          lair_end, items_3, orc_1, orc_end, items_4, d_15, swamp_1, shoals_1,
          snake_1, spider_1, d_20, vaults_1, items_5, swamp_end, shoals_end,
          snake_end, spider_end, vaults_end, d_27, items_6, zot_1, zot_end,
          crypt_end, forest_end, elf_end, slime_end, tomb_end, abyss_end,
          pan_hell_end]

Skill      XL: |  1  2  3  4  5  6  7 |
---------------+----------------------+-----
Fighting       | 5 6 7 8 9 10 | 10.4
Armour         | 5 6 7 9 11 | 11.0
Shields        | 5 6 8 9 |  9.2
Maces & Flails | 3 4 6 8 9 10 | 10.7
Invocations    | 1 4 5 6 |  6.4
Dodging        | 1 |  1.2

Action                   |  1- 3 |  4- 6 |  7- 9 || total
-------------------------+-------+-------+-------++-------
Melee: Flail             |    16 |    27 |    10 ||    53
       Headbutt          |     2 |     7 |     5 ||    14
Evoke: Wand              |       |       |     1 ||     1
  Use: Potion            |       |     2 |     4 ||     6
Armor: Scale mail        |     9 |     7 |     6 ||    22
Dodge: Dodged            |     5 |     8 |     6 ||    19
Block: Buckler           |     1 |     4 |     2 ||     7

Table legend: (Time is in decaauts)
 A = Elapsed time spent in this place.
 B = Non-inter-level travel time spent in this place.
 C = Inter-level travel time spent in this place.
 D = Time resting spent in this place.
 E = Time spent auto-exploring this place.
 F = Levels seen in this place.
 G = Mean time per level.
                   A        B        C        D        E       F      G
               +--------+--------+--------+--------+--------+-----+--------+
         Total |    348 |    348 |      0 |    175 |      3 |   1 |  348.0 |
       Dungeon |    348 |    348 |      0 |    175 |      3 |   1 |  348.0 |
               +--------+--------+--------+--------+--------+-----+--------+

Top non-repeatable levels by time:
       D: 348 daAuts
